 Dungeon Crawl Stone Soup version 0.31.0-9-g3a7656b989 (webtiles) character file.

Game seed: 3807615241225695867

9 Colgate the Poker (level 2, 24/24 HPs)
             Began as a Demonspawn Cinder Acolyte on Feb 1, 2024.
             Was a High Priest of Ignis.
             Quit the game on level 1 of the Dungeon.
             The game lasted 00:00:18 (215 turns).

Colgate the Poker (Demonspawn Cinder Acolyte)        Turns: 215, Time: 00:00:18

Health: 24/24      AC:  9    Str: 14    XL:     2   Next: 3%
Magic:  3/3        EV: 11    Int: 14    God:    Ignis [*****.]
Gold:   32         SH:  4    Dex:  8    Spells: 3/3 levels left

rFire   + . .        a - -1 spear (flame)
rCold   . . .        (no shield)
rNeg    . . .        b - +0 robe
rPois   .            (no helmet)
rElec   .            (no cloak)
rCorr   .            (no gloves)
SInv    .            (no boots)
Will    .....        (no amulet)
Stlth   +            (no ring)
HPRegen 0.24/turn    (no ring)
MPRegen 0.08/turn

%: no passive effects
@: fiery-armoured
A: condensation shield
a: Renounce Religion, Fiery Armour, Foxfire Swarm, Rising Flame


You were on level 1 of the Dungeon.
You worshipped Ignis.
Ignis was extremely pleased with you.
You visited 1 branch of the dungeon, and saw 1 of its levels.

You collected 32 gold pieces.

Inventory:

Hand Weapons
 a - a -1 spear of flaming (weapon)
Armour
 b - a +0 robe (worn)
 f - a +0 helmet
Jewellery
 g - a ring of willpower
Scrolls
 c - a scroll of revelation {unknown}
 d - a scroll of identify {unknown}
 e - a scroll of fog {unknown}
Potions
 h - a potion of lignification {unknown}


   Skills:
 - Level 3.0 Fighting
 + Level 3.2 Polearms
 - Level 1.0 Spellcasting
 - Level 2.6 Fire Magic


You had 3 spell levels left.
You didn't know any spells.
Your spell library contained the following spells:

 Spells                   Type           Power      Damage    Failure   Level
 Scorch                   Fire           16%        2d5       13%         2


Dungeon Overview and Level Annotations

Branches:
Dungeon (1/15)

Altars:


Innate Abilities, Weirdness & Mutations

A meltable shield of frost defends you. (SH +4)


Message History

You are too injured to fight recklessly!
A kobold is nearby!
You are too injured to fight recklessly!
A kobold is nearby!
A protective cloak of flame settles atop you.
The kobold hits you with a +0 short sword.
The kobold is burned by your cloak of flames.
You kill the kobold!
You are too injured to fight recklessly!
f - a +0 helmet No target in view!
g - a ring of willpower No target in view!
Found a stone staircase leading down.
No target in view!
Key pressed, stopping explore.
No target in view!
h - an orange potion No target in view!
A bat comes into view.
Found 8 stones.
A bat is nearby!
The bat closely misses you.
A bat is nearby!
You reach to attack!
You closely miss the bat. The bat misses you.
A bat is nearby!
You reach to attack!
You closely miss the bat. The bat hits you but does no damage.
The bat is burned by your cloak of flames.
The bat completely misses you.
A bat is nearby!
You miss the bat. The bat closely misses you.
A bat is nearby!
You reach to attack!
You miss the bat. The bat hits you but does no damage.
The bat is burned by your cloak of flames.
You kill the bat!
You have reached level 2!
Your demonic ancestry asserts itself...
Frost condenses into a shield before you.
Are you sure you want to abandon this character and quit the game? (Confirm with "yes".)

## ... ##.# ...# ....#
#####....# #........#
##############..@†.##.#
........................
#########.............#.
# #.####.....#.(# # #.#
........(# # #.#
#######...# # #.# ...# #
#.# ...# # #.# .#


There were no monsters in sight!

Vanquished Creatures
  A ball python (D:1)
  A bat (D:1)
  An endoplasm (D:1)
  A giant cockroach (D:1)
  A kobold (D:1)
  A quokka (D:1)
  A rat (D:1)
7 creatures vanquished.

Notes
Turn   | Place    | Note
-------+----------+-------------------------------------------
     0 | D:1      | Colgate the Demonspawn Cinder Acolyte began the quest for
                  | the Orb.
     0 | D:1      | Reached XP level 1. HP: 18/18 MP: 2/2
   215 | D:1      | Gained mutation: A meltable shield of frost defends you.
                  | (SH +4) [demonic ancestry]
   215 | D:1      | Reached XP level 2. HP: 24/24 MP: 3/3
   215 | D:1      | Quit the game

Illustrated notes

Levels and vault maps discovered:
D:1:      noname_arrival_rooms_in_the_neighbourhood, layout_basic

Skill      XL: |  1 |
---------------+----+-----
Polearms       | 3 |  3.2
Fighting       | |  3.0
Spellcasting   | |  1.0
Fire Magic     | |  2.6

Action                     || total
---------------------------++-------
  Melee: Spear             ||    25
 Invoke: Fiery Armour      ||     1
 Armour: Robe              ||    11
  Dodge: Dodged            ||    12
